Map: Pylon LE

Players

SubN - Winner!

  • Race: Zerg Zerg
  • League: Diamond
  • Spawn Location: 5:00

Kioelf

  • Race: Protoss Protoss
  • League: Diamond
  • Spawn Location: 11:00

VOD

Have the link to the VOD?

Description

Time

  • Played on: July 26, 2025, 9:32 p.m.
  • Length: 3:09
Show
View Real Time Build Order
Export as new Build Order

SubN Zerg - Winner!

Build Orders: Pool First 

Get SALT Encoding   

  12  0:00  Drone  
  13  0:09  Drone  
  13  0:14  Extractor  
  13  0:28  Spawning Pool  
  12  0:54  Hatchery  
  11  1:15  Queen  
  13  1:24  Overlord  
  13  1:34  Metabolic Boost  
  13  1:40  Zergling x2  
  13  1:45  Zergling x2  
  15  1:49  Zergling x2  
  16  1:54  Zergling x2  
  17  2:02  Zergling x2  
  19  2:08  Zergling x2  
  19  2:14  Zergling x2  
  20  2:22  Zergling x2  
  21  2:24  Zergling x2  
  21  2:42  Zergling x10  
Show
View Real Time Build Order
Export as new Build Order

Kioelf Protoss 

Build Orders:  

Get SALT Encoding   

  12  0:01  Probe  
  13  0:13  Probe  
  14  0:21  Pylon  
  14  0:25  Probe  
  15  0:39  Probe  
  16  0:43  Gateway  
  16  0:51  Probe  
  16  0:52  Assimilator  
  17  1:03  Probe  
  18  1:11  Assimilator  
  18  1:15  Probe  
  19  1:27  Probe  
  20  1:35  Cybernetics Core  
  20  1:38  Pylon  
  20  1:39  Probe  
  21  1:51  Probe  
  22  1:59  Stalker  
  22  2:00  Gateway  
  22  2:04  Probe  
  25  2:17  Twilight Council  
  25  2:23  Probe  
Tags
 
Matchup
PvZ
Opening
Pool First
Replay Pack
Multiplayer
Spawn Locations
Cross Positions
Add a new tag
Caveats
  • Supply blocks, unpowered buildings, or Contaminate may cause inaccurate times.
  • Supply counts are checked every 10 seconds.